UNITED STATES PREMIER LEAGUE
SAN DIEGO SEA TURTLES VS GRAFTON MIDDIES
08/19/2014
 
TOP OF THE 1ST
Grafton Middies batting - Pitching for San Diego Sea Turtles : RHP Enrique Magana
Pitching: RHP Enrique Magana
Batting: RHB Fernando Delgado 0-0: Called Strike
0-1: Called Strike
0-2: SINGLE (Groundball, 56) (infield hit)
Pinch Runner at 1st Morgan Carney:
Batting: LHB Paul Herman 0-0: Ball
1-0: Swinging Strike
1-1: Ball
2-1: SINGLE (Groundball, 4D)
Morgan Carney to second
Runner from 2nd tries for 3rd, SAFE, no throw or cutoff
Batting: LHB Tony Dyer 0-0: Called Strike
0-1: Ball
1-1: Called Strike
1-2: Ball
2-2: Ground out 3-1 (Groundball, 34S)
Morgan Carney scores
Paul Herman to second
Batting: RHB Chris Lowe 0-0: Foul Ball, location: 2F
0-1: Ball
1-1: Foul Ball, location: 2F
1-2: Ball
2-2: Strikes out swinging
Batting: LHB Scott Alexander 0-0: Ball
1-0: Ball
2-0: Foul Ball, location: 2F
2-1: Foul Ball, location: 2F
2-2: Foul Ball, location: 2F
2-2: Ball
3-2: Foul Ball, location: 2F
3-2: SINGLE (Line Drive, 4D)
Paul Herman to third
Paul Herman scores
Batting: LHB Chad Armstrong 0-0: Ball
Scott Alexander steals 2nd base
1-0: Called Strike
1-1: Ground out 3-1 (Groundball, 3L)
Top of the 1st over - 2 run(s), 3 hit(s), 0 error(s), 1 left on base; Grafton 2 - San Diego 0
BOTTOM OF THE 1ST
San Diego Sea Turtles batting - Pitching for Grafton Middies : RHP Luis Hernández
Pitching: RHP Luis Hernández
Now at 2B: Morgan Carney
Batting: SHB Mustapha Gonzales 0-0: Ball
1-0: Ball
2-0: Ball
3-0: Called Strike
3-1: Foul Ball, location: 2F
3-2: Base on Balls
Batting: RHB Henry Potts 0-0: Ball
1-0: Swinging Strike
1-1: Called Strike
1-2: Foul Ball, location: 2F
1-2: Grounds into double play, 3-6-1 (Groundball, 3)
Batting: RHB Vicente Díaz 0-0: Ball
1-0: Fly out, F1 (Flyball, 15)
Bottom of the 1st over - 0 run(s), 0 hit(s), 0 error(s), 0 left on base; Grafton 2 - San Diego 0
TOP OF THE 2ND
Grafton Middies batting - Pitching for San Diego Sea Turtles : RHP Enrique Magana
Batting: RHB Carlos Vázquez 0-0: Ball
1-0: Ball
2-0: Ball
3-0: Base on Balls
Batting: RHB Steve Brewer 0-0: Ball
1-0: Ball
2-0: Swinging Strike
2-1: Ball
3-1: Called Strike
3-2: Grounds into double play, 5-4-3 (Groundball, 5)
Batting: RHB Luis Hernández 0-0: Swinging Strike
0-1: Swinging Strike
0-2: Ball
1-2: Foul Ball, location: 2F
1-2: Ball
2-2: Strikes out swinging, 2-3 out at first.
Top of the 2nd over - 0 run(s), 0 hit(s), 0 error(s), 0 left on base; Grafton 2 - San Diego 0
BOTTOM OF THE 2ND
San Diego Sea Turtles batting - Pitching for Grafton Middies : RHP Luis Hernández
Batting: LHB James Murray 0-0: Ball
1-0: Ball
2-0: Ball
3-0: Base on Balls
Batting: LHB Leonardo López 0-0: Ball
1-0: Fly out, F7 (Flyball, 78M)
Batting: SHB Robert Shelby 0-0: Called Strike
0-1: Ball
1-1: Ball
2-1: Called Strike
2-2: Ball
3-2: Foul Ball, location: 2F
3-2: Base on Balls
James Murray to second
Batting: SHB Jeffrey Barker 0-0: Fly out, F8 (Flyball, 8LXD)
Runner from 2nd tags up, SAFE at 3rd, no throw
Batting: RHB Wilber Moon 0-0: Foul Ball, location: 2F
0-1: Ground out 4-3 (Groundball, 4)
Bottom of the 2nd over - 0 run(s), 0 hit(s), 0 error(s), 2 left on base; Grafton 2 - San Diego 0
TOP OF THE 3RD
Grafton Middies batting - Pitching for San Diego Sea Turtles : RHP Enrique Magana
Batting: LHB Morgan Carney 0-0: Swinging Strike
0-1: Swinging Strike
0-2: Foul Ball, location: 2F
0-2: Foul Ball, location: 2F
0-2: Strikes out swinging
Batting: LHB Paul Herman 0-0: Ball
1-0: Called Strike
1-1: Fly out, F8 (Line Drive, 8RS)
Batting: LHB Tony Dyer 0-0: Foul Ball, location: 2F
0-1: Ball
1-1: Swinging Strike
1-2: Ball
2-2: Ball
3-2: Ground out 6-3 (Groundball, 6M)
Top of the 3rd over - 0 run(s), 0 hit(s), 0 error(s), 0 left on base; Grafton 2 - San Diego 0
BOTTOM OF THE 3RD
San Diego Sea Turtles batting - Pitching for Grafton Middies : RHP Luis Hernández
Batting: RHB Enrique Magana 0-0: Called Strike
0-1: Fly out, F7 (Flyball, 78S)
Batting: SHB Mustapha Gonzales 0-0: Called Strike
0-1: Ball
1-1: Called Strike
1-2: Ball
2-2: Ball
3-2: Ground out U3 (Groundball, 3)
Batting: RHB Henry Potts 0-0: Ball
1-0: Foul Ball, location: 2F
1-1: Foul Ball, location: 2F
1-2: Foul Ball, location: 2F
1-2: Ball
2-2: SINGLE (Line Drive, 8LS)
Batting: RHB Vicente Díaz 0-0: Foul Ball, location: 2F
0-1: Foul Ball, location: 2F
0-2: Foul Ball, location: 2F
0-2: Ball
1-2: Ball
2-2: SINGLE (Groundball, 6MD)
Henry Potts to second
Runner from 2nd tries for 3rd, SAFE, throw made to third
Batting: LHB James Murray 0-0: Called Strike
0-1: Called Strike
0-2: Ball
1-2: Ball
2-2: 3-RUN HOME RUN (Flyball, 9LD), Distance : 353 ft
Batting: LHB Leonardo López 0-0: Ball
1-0: Foul Ball, location: 2F
1-1: Called Strike
1-2: SOLO HOME RUN (Flyball, 8RXD), Distance : 437 ft
Batting: SHB Robert Shelby 0-0: Ball
1-0: Swinging Strike
1-1: Ball
2-1: Ball
3-1: Base on Balls
Batting: SHB Jeffrey Barker 0-0: Ball
1-0: Ball
2-0: Swinging Strike
2-1: Ball
3-1: Called Strike
3-2: Reached on error, E6 (Groundball, 6)
Robert Shelby to third
Batting: RHB Wilber Moon 0-0: Intentional Walk
Batting: RHB Enrique Magana 0-0: Ball
1-0: Fly out, F8 (Flyball, 8RM)
Bottom of the 3rd over - 4 run(s), 4 hit(s), 1 error(s), 3 left on base; Grafton 2 - San Diego 4
TOP OF THE 4TH
Grafton Middies batting - Pitching for San Diego Sea Turtles : RHP Enrique Magana
Batting: RHB Chris Lowe 0-0: Ball
1-0: Foul Ball, location: 2F
1-1: Fly out, F7 (Line Drive, 78M)
Batting: LHB Scott Alexander 0-0: Ball
1-0: Foul Ball, location: 2F
1-1: Called Strike
1-2: Ball
2-2: Ball
3-2: Foul Ball, location: 2F
Single, Error in OF, E9, batter to second base
Pitching: RHP Jorge Fernández
Batting: LHB Chad Armstrong 0-0: Ball
1-0: Called Strike
1-1: Ball
2-1: Ball
3-1: Foul Ball, location: 2F
3-2: Base on Balls
Batting: RHB Carlos Vázquez 0-0: Swinging Strike
0-1: Called Strike
Scott Alexander steals 3rd base
0-2: Ball
1-2: Fly out, F7 (Flyball, 7M)
Runner from 3rd tags up, SCORES, throw made
Batting: RHB Steve Brewer 0-0: Ball
1-0: Foul Ball, location: 2F
1-1: Ground out U3 (Groundball, 3L)
Top of the 4th over - 1 run(s), 1 hit(s), 1 error(s), 1 left on base; Grafton 3 - San Diego 4
BOTTOM OF THE 4TH
San Diego Sea Turtles batting - Pitching for Grafton Middies : RHP Luis Hernández
Batting: SHB Mustapha Gonzales 0-0: Ball
1-0: Called Strike
1-1: Ground out 4-3 (Groundball, 4M)
Batting: RHB Henry Potts 0-0: Called Strike
0-1: Foul Ball, location: 2F
0-2: Ball
1-2: Ball
2-2: Ball
3-2: Foul Ball, location: 2F
3-2: SINGLE (Flyball, 89M)
Batting: RHB Vicente Díaz 0-0: Called Strike
0-1: Ball
1-1: Ball
2-1: SINGLE (Line Drive, 8LS)
Henry Potts to second
Batting: LHB James Murray 0-0: Ball
1-0: SINGLE (Groundball, 4MD)
Henry Potts to third
Vicente Díaz to second
Runner from 3rd tries for Home, throw and OUT!
Vicente Díaz to third
James Murray to second
Batting: LHB Leonardo López 0-0: Ball
1-0: Ball
2-0: Ball
3-0: Called Strike
3-1: Ground out 4-3 (Groundball, 34)
Bottom of the 4th over - 0 run(s), 3 hit(s), 0 error(s), 2 left on base; Grafton 3 - San Diego 4
TOP OF THE 5TH
Grafton Middies batting - Pitching for San Diego Sea Turtles : RHP Jorge Fernández
Pinch Hitting: RHB Victor Eveson 0-0: Ball
1-0: Ball
2-0: Ball
3-0: Called Strike
3-1: Foul Ball, location: 2F
3-2: Strikes out swinging
Batting: LHB Morgan Carney 0-0: Called Strike
0-1: Ball
1-1: Ball
2-1: Foul Ball, location: 2F
2-2: Fly out, F2 (Popup, 2LF)
Batting: LHB Paul Herman 0-0: Ball
1-0: Ball
2-0: Called Strike
2-1: Ball
3-1: Called Strike
3-2: Ground out 1-3 (Groundball, 13)
Top of the 5th over - 0 run(s), 0 hit(s), 0 error(s), 0 left on base; Grafton 3 - San Diego 4
BOTTOM OF THE 5TH
San Diego Sea Turtles batting - Pitching for Grafton Middies : RHP Luis Hernández
Pitching: RHP Raúl Javier
Batting: SHB Robert Shelby 0-0: Ball
1-0: Ball
2-0: Called Strike
2-1: Ball
3-1: Swinging Strike
3-2: Base on Balls
Batting: SHB Jeffrey Barker 0-0: Grounds into double play, 5-4-3 (Groundball, 5L)
Batting: RHB Wilber Moon 0-0: SINGLE (Groundball, 34)
Pinch Hitting: LHB Chris Henry 0-0: Ball
1-0: Ball
2-0: Ball
3-0: Foul Ball, location: 2F
3-1: Swinging Strike
3-2: Base on Balls
Wilber Moon to second
Batting: SHB Mustapha Gonzales 0-0: Ball
1-0: Ball
2-0: Ball
3-0: Base on Balls
Wilber Moon to third
Chris Henry to second
Batting: RHB Henry Potts 0-0: Ground out U3 (Groundball, 3S)
Bottom of the 5th over - 0 run(s), 1 hit(s), 0 error(s), 3 left on base; Grafton 3 - San Diego 4
TOP OF THE 6TH
Grafton Middies batting - Pitching for San Diego Sea Turtles : RHP Jorge Fernández
Pitching: RHP Sabino Ramírez
Batting: LHB Tony Dyer 0-0: Ball
1-0: Foul Ball, location: 2F
1-1: Swinging Strike
1-2: Foul Ball, location: 2F
1-2: Strikes out swinging
Batting: RHB Chris Lowe 0-0: Ball
1-0: Foul Ball, location: 2F
1-1: SINGLE (Groundball, 3D)
Batting: LHB Scott Alexander 0-0: Called Strike
0-1: Fly out, F8 (Flyball, 8RM)
Batting: LHB Chad Armstrong 0-0: Ball
1-0: Foul Ball, location: 2F
1-1: Fly out, F4 (Popup, 4MD)
Top of the 6th over - 0 run(s), 1 hit(s), 0 error(s), 1 left on base; Grafton 3 - San Diego 4
BOTTOM OF THE 6TH
San Diego Sea Turtles batting - Pitching for Grafton Middies : RHP Raúl Javier
Batting: RHB Vicente Díaz 0-0: Ball
1-0: Ball
2-0: Ball
3-0: Called Strike
3-1: Base on Balls
Batting: LHB James Murray 0-0: Called Strike
0-1: Ball
1-1: Swinging Strike
1-2: Ball
2-2: Fly out, F5 (Popup, 5F)
Batting: LHB Leonardo López 0-0: SINGLE (Line Drive, 34)
Vicente Díaz to second
Runner from 2nd tries for 3rd, SAFE, throw made to third
Batting: SHB Robert Shelby 0-0: Ball
1-0: Ball
2-0: Foul Ball, location: 2F
2-1: Called Strike
Leonardo López steals 2nd base
2-2: Foul Ball, location: 2F
2-2: Ball
3-2: Intentional Walk
Batting: SHB Jeffrey Barker 0-0: Called Strike
0-1: SINGLE (Groundball, 34S)
Vicente Díaz scores
Leonardo López to third
Robert Shelby to second
Runner from 3rd tries for Home, SAFE, no throw or cutoff
Pitching: RHP Steve Terry
Now at 1B: Frank Carter
Batting: RHB Wilber Moon 0-0: Ball
1-0: Foul Ball, location: 2F
1-1: Ball
2-1: Fly out, F3 (Popup, 3F)
Pinch Hitting: LHB Fred Riley 0-0: Ball
1-0: Ball
2-0: Called Strike
2-1: Called Strike
2-2: Ball
3-2: Base on Balls
Robert Shelby to third
Jeffrey Barker to second
Batting: SHB Mustapha Gonzales 0-0: Ball
1-0: Ball
2-0: Foul Ball, location: 2F
2-1: SINGLE (Line Drive, 78M)
Robert Shelby scores
Jeffrey Barker to third
Fred Riley to second
Runner from 3rd tries for Home, SAFE, no throw or cutoff
Batting: RHB Henry Potts 0-0: Foul Ball, location: 2F
0-1: Ball
1-1: Fly out, F2 (Popup, 3SF)
Bottom of the 6th over - 4 run(s), 3 hit(s), 0 error(s), 2 left on base; Grafton 3 - San Diego 8
TOP OF THE 7TH
Grafton Middies batting - Pitching for San Diego Sea Turtles : RHP Sabino Ramírez
Pitching: RHP Mike Estes
Now at C: Juan Jaramillo
Now at 3B: Juan Sánchez
Batting: RHB Carlos Vázquez 0-0: Called Strike
0-1: Ball
1-1: Ground out 4-3 (Groundball, 4)
Batting: RHB Steve Brewer 0-0: Ball
1-0: Swinging Strike
1-1: Bunt missed!
1-2: Ball
2-2: Foul Ball, location: 2F
2-2: Ball
3-2: Fly out, F8 (Flyball, 8RS)
Batting: RHB Frank Carter 0-0: Ball
1-0: Ball
2-0: Ball
3-0: Called Strike
3-1: Base on Balls
Batting: LHB Morgan Carney 0-0: Called Strike
0-1: Ball
1-1: Ball
2-1: Ball
3-1: Foul Ball, location: 2F
3-2: Base on Balls
Frank Carter to second
Batting: LHB Paul Herman 0-0: Swinging Strike
0-1: Ball
1-1: Foul Ball, location: 2F
1-2: Foul Ball, location: 2F
1-2: Strikes out swinging
Top of the 7th over - 0 run(s), 0 hit(s), 0 error(s), 2 left on base; Grafton 3 - San Diego 8
BOTTOM OF THE 7TH
San Diego Sea Turtles batting - Pitching for Grafton Middies : RHP Steve Terry
Batting: LHB Juan Jaramillo 0-0: Foul Ball, location: 2F
0-1: SINGLE (Groundball, 6D)
Batting: LHB James Murray 0-0: Foul Ball, location: 2F
0-1: Ball
1-1: Swinging Strike
1-2: Strikes out looking
Batting: LHB Leonardo López 0-0: Called Strike
0-1: Swinging Strike
0-2: Ball
1-2: Fly out, F9 (Flyball, 9D)
Batting: RHB Juan Sánchez 0-0: Called Strike
0-1: Fly out, F8 (Line Drive, 8LM)
Bottom of the 7th over - 0 run(s), 1 hit(s), 0 error(s), 1 left on base; Grafton 3 - San Diego 8
TOP OF THE 8TH
Grafton Middies batting - Pitching for San Diego Sea Turtles : RHP Mike Estes
Batting: LHB Tony Dyer 0-0: Called Strike
0-1: Ball
1-1: Foul Ball, location: 2F
1-2: Foul Ball, location: 2F
1-2: SINGLE (Line Drive, 8RS)
Batting: RHB Chris Lowe 0-0: Swinging Strike
0-1: Ball
1-1: Called Strike
1-2: Ball
2-2: Ball
3-2: SINGLE (Groundball, 5L)
Tony Dyer to second
Batting: LHB Scott Alexander 0-0: Ball
1-0: Swinging Strike
1-1: Foul Ball, location: 2F
1-2: Strikes out looking
Batting: RHB Steve Terry 0-0: Sac Bunt - play at first, batter OUT! 1-4
Tony Dyer to third
Chris Lowe to second
Batting: RHB Carlos Vázquez 0-0: SINGLE (Line Drive, 6MD)
Tony Dyer scores
Chris Lowe to third
Runner from 3rd tries for Home, SAFE, no throw or cutoff
Pitching: LHP Mhelter Vitor
Batting: RHB Steve Brewer 0-0: Ball
1-0: Ball
2-0: Foul Ball, location: 2F
2-1: Swinging Strike
2-2: Reached on error, E3 (Groundball, 3S)
Carlos Vázquez to second
Pitching: RHP Nate Connolly
Batting: RHB Frank Carter 0-0: Ball
1-0: Called Strike
1-1: Ball
2-1: Foul Ball, location: 2F
2-2: Strikes out swinging
Top of the 8th over - 2 run(s), 3 hit(s), 1 error(s), 2 left on base; Grafton 5 - San Diego 8
BOTTOM OF THE 8TH
San Diego Sea Turtles batting - Pitching for Grafton Middies : RHP Steve Terry
Batting: SHB Jeffrey Barker 0-0: Fly out, F9 (Flyball, 89M)
Pitching: RHP José Gutiérrez
Batting: RHB Wilber Moon 0-0: Fly out, F6 (Popup, 5D)
Pinch Hitting: LHB Jimmy Massey 0-0: Ball
1-0: Foul Ball, location: 2F
1-1: Ball
2-1: Ball
3-1: SINGLE (Groundball, 4MD)
Batting: SHB Mustapha Gonzales 0-0: Ball
1-0: Swinging Strike
1-1: Swinging Strike
1-2: Foul Ball, location: 2F
1-2: SINGLE (Groundball, 34D)
Jimmy Massey to second
Runner from 2nd tries for 3rd, SAFE, throw made to third
Mustapha Gonzales to second
Batting: RHB Henry Potts 0-0: Called Strike
0-1: Called Strike
0-2: Ball
1-2: DOUBLE (Line Drive, 78M)
Jimmy Massey scores
Mustapha Gonzales scores
Pitching: RHP Juan Rosa
Batting: LHB Juan Jaramillo 0-0: Ball
1-0: Ground out 4-3 (Groundball, 4)
Bottom of the 8th over - 2 run(s), 3 hit(s), 0 error(s), 1 left on base; Grafton 5 - San Diego 10
TOP OF THE 9TH
Grafton Middies batting - Pitching for San Diego Sea Turtles : RHP Nate Connolly
Pitching: RHP Manuel Batista
Batting: LHB Morgan Carney 0-0: Swinging Strike
0-1: Called Strike
0-2: Foul Ball, location: 2F
0-2: Ball
1-2: Ball
2-2: Ball
3-2: Strikes out swinging
Batting: LHB Paul Herman 0-0: Fly out, F9 (Line Drive, 89D)
Batting: LHB Tony Dyer 0-0: Swinging Strike
0-1: Called Strike
0-2: Ball
1-2: Ball
2-2: Strikes out swinging
Top of the 9th over - 0 run(s), 0 hit(s), 0 error(s), 0 left on base; Grafton 5 - San Diego 10
This league is powered by Out of the Park Baseball, the baseball management simulation game for PC, Mac and Linux
Thursday, April 24th, 2014 - OOTP Baseball 14.6 Build 33